cohdb
Replays
Latest Replays
All Replays
Popular Replays
Top Player Replays
Match Explorer
How It Works
Community
CoH3 Stats
Reddit
Sign in to upload your games and track your stats! →
Sign in with Steam
Match 45350149
Unlisted
Match 45350149
Overview
Messages
Build Orders
End
Construct Barracks
Selects Armored Battlegroup
Selects Veteran Crews
1⁄4-ton 4x4 Truck
Riflemen Squad
Riflemen Squad
Riflemen Squad
Infantry Support Center
M1918 Browning Automatic Rifles
Grenade Package
Construct Weapon Support Center
Bazooka Squad
Construct Medical Station
Munitions Surplus
Bazooka Squad
Selects Strength in Steel
Selects Fast Deploy
Selects M8 Scott SPG
Improved M9 Bazooka Rockets
OlBill
(502) Bad Gateway
0
0
Comments
sign in to comment!
No comments posted yet!